Map: Abiogenesis LE

Players

Honor - Winner!

  • Race: Terran Terran
  • League: Master
  • Spawn Location: 11:00

A.I. 1 (Elite)

  • Race: Zerg Zerg
  • Spawn Location: 5:00

VOD

https://youtu.be/JT8i_KaEFos

Description

https://www.bonjwa.de/academy/starcraft/live/2018-04-11/advanced-training-woche-5-von-6

Time

  • Played on: April 11, 2018, 6:15 a.m.
  • Length: 10:03
Show
View Real Time Build Order
Export as new Build Order

Honor Terran - Winner!

Build Orders: Reaper Expand, MMM Bio 

Get SALT Encoding   

  12  0:00  SCV  
  13  0:13  SCV  
  14  0:17  Supply Depot  
  14  0:25  SCV  
  15  0:39  SCV  
  15  0:40  Barracks  
  16  0:44  Refinery  
  16  0:51  SCV  
  17  1:03  SCV  
  18  1:15  SCV  
  19  1:28  Reaper  
  19  1:29  Orbital Command  
  20  1:46  Command Center  
  20  1:56  Supply Depot  
  20  1:57  SCV  
  21  2:01  Barracks Reactor  
  21  2:10  SCV  
  22  2:18  Bunker  
  22  2:22  SCV  
  23  2:23  Barracks  
  23  2:29  Refinery  
  23  2:34  SCV  
  24  2:39  Marine x2  
  26  2:47  Factory  
  26  2:48  SCV  
  27  2:59  Orbital Command  
  27  3:01  Marine  
  27  3:02  Marine  
  29  3:06  SCV  
  29  3:10  Barracks Tech Lab  
  30  3:18  SCV  
  30  3:19  Marine  
  32  3:20  Marine  
  32  3:26  SCV  
  34  3:29  Stimpack  
  34  3:33  Starport  
  34  3:35  Factory Reactor  
  34  3:42  Supply Depot  
  34  3:43  SCV x2  
  34  3:47  Marine x2  
  38  3:49  Marine  
  39  3:55  SCV x2  
  40  4:04  Marine x2  
  40  4:07  Marine, SCV  
  40  4:08  SCV  
  45  4:11  Supply Depot  
  45  4:19  Medivac x2  
  45  4:22  Marine x2  
  51  4:24  Marine  
  51  4:26  Refinery  
  51  4:27  Refinery, SCV x2  
  54  4:39  SCV  
  54  4:40  SCV  
  54  4:42  Supply Depot  
  54  4:44  Supply Depot  
  56  4:49  Engineering Bay, Marine  
  56  4:50  Marine  
  56  4:51  SCV  
  56  4:52  SCV  
  60  5:04  Medivac x2, SCV x2  
  66  5:08  Supply Depot  
  66  5:12  Marine  
  66  5:13  Marine x2  
  69  5:15  Terran Infantry Weapons Level 1  
  69  5:16  SCV x2  
  69  5:20  Missile Turret  
  71  5:23  Missile Turret  
  71  5:28  SCV  
  72  5:29  SCV  
  72  5:30  Combat Shields  
  72  5:34  Marauder, Marine x2  
  77  5:36  Medivac  
  77  5:40  Medivac  
  81  5:49  Supply Depot x2  
  81  5:55  Marine x2  
  81  5:57  Marauder  
  85  6:04  Barracks  
  85  6:08  Barracks  
  85  6:11  Medivac x2  
  89  6:12  Barracks  
  89  6:16  Supply Depot  
  89  6:17  Supply Depot  
  89  6:19  Marauder  
  89  6:21  Marine  
  89  6:22  Marine  
  93  6:38  Marine  
  94  6:40  Marine  
  94  6:41  Marauder, Medivac x2  
  94  6:46  Supply Depot  
  101  6:50  Supply Depot  
  101  6:52  Concussive Shells  
  101  6:53  Barracks Reactor  
  101  6:54  Barracks Reactor  
  101  6:57  Marine  
  101  6:58  Marine  
  101  6:59  Barracks Tech Lab  
  103  7:02  Marauder  
  105  7:10  Medivac x2  
  105  7:13  Supply Depot  
  105  7:14  Marine  
  110  7:16  Supply Depot, Marine  
  110  7:20  Marauder  
  113  7:23  Marauder  
  115  7:30  Marine x2  
  115  7:31  Marine x2  
  115  7:32  Marine  
  115  7:33  Marine  
  121  7:39  Terran Infantry Armor Level 1  
  121  7:40  Medivac x2  
  121  7:42  Marauder  
  127  7:45  Marauder  
  127  7:49  Marine x2  
  127  7:50  Marine x2  
  133  7:52  Marine x2  
  135  7:58  Supply Depot  
  135  8:03  Marauder, Supply Depot  
  137  8:06  Marauder  
  137  8:07  Marine x2  
  137  8:08  Marine  
  142  8:16  Marine x2  
  142  8:17  Marine  
  145  8:20  Medivac  
  145  8:22  Medivac  
  145  8:24  Marauder  
  145  8:25  Marine x2  
  153  8:28  Marauder  
  148  8:35  Marine x4  
  144  8:43  Marine x2  
  144  8:46  Marauder  
  148  8:49  Marauder  
  148  8:52  Marine  
  148  8:53  Supply Depot  
  148  8:54  Supply Depot  
  151  8:56  Marine x3  
  151  9:00  Marine  
  151  9:01  Marine  
  156  9:07  Marauder  
  156  9:09  Medivac  
  160  9:10  Marauder, Marine  
  160  9:11  Medivac  
  160  9:14  Marine x3  
  167  9:18  Marine x2  
  167  9:21  Supply Depot  
  167  9:23  Supply Depot  
  169  9:29  Marauder  
  171  9:33  Marauder, Marine x4  
  171  9:36  Marine x2  
Show
View Real Time Build Order
Export as new Build Order

A.I. 1 (Elite) Zerg 

Build Orders: Pool First 

Get SALT Encoding   

  12  0:00  Drone  
  13  0:12  Overlord  
  13  0:17  Drone  
  14  0:31  Drone x2  
  16  0:42  Spawning Pool  
  15  0:45  Drone  
  15  0:48  Drone  
  17  1:12  Hatchery  
  17  1:13  Drone  
  17  1:17  Extractor  
  16  1:19  Drone  
  16  1:22  Drone  
  18  1:28  Drone  
  19  1:38  Overlord  
  19  1:49  Drone  
  19  1:50  Queen  
  22  2:00  Zergling x2  
  23  2:11  Drone  
  23  2:21  Drone  
  24  2:24  Drone  
  24  2:26  Queen  
  27  2:32  Drone  
  27  2:35  Zergling x2  
  27  2:45  Roach Warren  
  27  2:46  Extractor  
  27  2:47  Drone  
  27  2:50  Drone  
  27  2:57  Overlord  
  27  3:00  Drone  
  27  3:03  Drone  
  28  3:06  Zergling x2  
  28  3:09  Drone  
  28  3:12  Drone  
  31  3:16  Drone  
  31  3:19  Zergling x2  
  33  3:22  Zergling x2  
  34  3:28  Roach  
  34  3:32  Roach  
  38  3:35  Roach  
  38  3:39  Roach  
  42  3:42  Drone  
  42  3:44  Drone  
  44  3:50  Overlord  
  44  3:57  Lair  
  44  4:01  Metabolic Boost  
  44  4:08  Drone x2  
  46  4:11  Drone  
  46  4:13  Drone  
  46  4:16  Drone  
  49  4:18  Drone  
  49  4:20  Drone  
  51  4:24  Overlord  
  51  4:27  Drone  
  52  4:32  Evolution Chamber, Drone  
  52  4:36  Evolution Chamber  
  52  4:37  Drone  
  52  4:43  Drone x2  
  54  4:47  Drone  
  54  4:48  Drone  
  54  4:50  Drone  
  54  4:52  Drone  
  58  4:57  Infestation Pit, Drone  
  58  4:59  Zerg Missile Weapons Level 1  
  58  5:02  Overlord  
  58  5:04  Roach  
  60  5:20  Overlord, Roach, Drone  
  60  5:21  Extractor  
  62  5:22  Drone  
  62  5:23  Drone, Hydralisk Den  
  62  5:25  Drone  
  64  5:34  Infestor  
  66  5:35  Extractor  
  66  5:36  Drone  
  66  5:38  Overlord, Roach, Drone x2  
  66  5:39  Roach  
  66  5:40  Roach  
  74  5:52  Hydralisk  
  74  5:56  Overlord, Drone, Hydralisk  
  74  5:57  Roach  
  81  6:03  Drone  
  82  6:06  Drone  
  82  6:07  Drone  
  84  6:12  Zerg Ground Armor Level 1  
  84  6:14  Overlord, Infestor, Drone  
  84  6:15  Drone  
  88  6:19  Ravager  
  88  6:20  Hatchery  
  88  6:22  Roach  
  90  6:28  Ravager  
  91  6:33  Overlord, Roach  
  91  6:35  Hydralisk  
  91  6:39  Hydralisk  
  97  6:51  Overlord  
  97  6:53  Infestor  
  99  7:07  Infestor  
  101  7:14  Roach, Spine Crawler  
  102  7:16  Overlord, Roach  
  102  7:17  Spine Crawler  
  102  7:18  Drone  
  102  7:20  Roach  
  106  7:24  Overseer  
  106  7:33  Drone x2, Queen  
  106  7:34  Overlord, Drone x6  
  116  7:40  Drone  
  116  7:42  Drone  
  116  7:43  Drone x4  
  122  7:44  Extractor  
  122  7:47  Drone x3  
  122  7:48  Pathogen Glands  
  124  7:52  Drone  
  124  7:53  Drone  
  124  7:55  Overlord  
  124  7:58  Baneling Nest  
  125  8:03  Drone  
  125  8:04  Drone  
  127  8:07  Drone  
  127  8:10  Extractor  
  127  8:14  Overlord, Drone x2  
  127  8:15  Drone  
  130  8:24  Spore Crawler  
  129  8:27  Spore Crawler  
  129  8:29  Spire, Zergling x12  
  110  8:35  Drone  
  110  8:36  Drone  
  110  8:39  Drone  
  91  8:43  Baneling  
  91  8:46  Roach, Hydralisk, Zergling x4  
  91  8:47  Roach, Zergling x2  
  91  8:48  Overseer  
  93  8:49  Roach  
  93  8:50  Roach  
  93  8:52  Roach  
  92  8:58  Roach, Drone  
  92  9:01  Hydralisk  
  92  9:08  Zergling x2  
  63  9:11  Zergling x2  
  63  9:12  Roach, Drone x2  
  63  9:16  Roach x2  
  64  9:20  Roach  
  64  9:30  Hatchery  
  59  9:32  Overlord  
Tags
 
Composition
MMM Bio
League
Master
Matchup
TvZ
Spawn Locations
Cross Positions
Add a new tag
Caveats
  • Supply blocks, unpowered buildings, or Contaminate may cause inaccurate times.
  • Supply counts are checked every 10 seconds.